[Event "Hungarian Rapid-ch 2022"]
[Site "Ajka"]
[Date "2022.07.17"]
[Round "10.15"]
[White "Szamoskozi, Gabor"]
[Black "Tolnai, Tibor"]
[Result "1/2-1/2"]
[ECO "B57"]
[WhiteElo "2243"]
[BlackElo "2433"]
[Annotator "ChessBase"]
[PlyCount "131"]
[EventDate "2022.07.15"]
[EventType "swiss"]
[EventCountry "HUN"]
[SourceTitle "playchess.com"]
[Source "ChessBase"]
[SourceQuality "1"]
[TimeControl "900+10"]

1. e4 c5 2. Nf3 d6 3. d4 cxd4 4. Nxd4 Nf6 5. Nc3 Nc6 6. Bc4 Qb6 7. Nxc6 bxc6 8. O-O e6 9. Bb3 Be7 10. Be3 Qc7 11. h3 O-O 12. f4 d5 13. e5 Nd7 14. Ne2 Nc5 15. c3 Nxb3 16. Qxb3 c5 17. Qc2 a5 18. Rae1 g6 19. Kh2 Rb8 20. Ng1 Qb6 21. Rf2 d4 22. Bc1 Rd8 23. Rd1 Ba6 24. c4 Qb4 25. Bd2 Qxb2 26. Bxa5 Qxc2 27. Rxc2 Rd7 28. Nf3 Ra7 29. Be1 Bb7 30. Rb1 Rba8 31. Nd2 Bc6 32. Rb6 Be8 33. Rbb2 h5 34. Ne4 Bc6 35. Nd6 Ra6 36. Rd2 Bxd6 37. exd6 Bd7 38. Bh4 Rxd6 39. Be7 Rc6 40. Rb7 Be8 41. Kg3 Kg7 42. Rdb2 d3 43. Kf2 Rca6 44. Bxc5 Rxa2 45. Bd4+ Kh6 46. Ke3 g5 47. fxg5+ Kxg5 48. Kxd3 Kg6 49. Rxa2 Rxa2 50. Rb2 Ra3+ 51. Bc3 Bc6 52. g3 Ra4 53. Rf2 f5 54. Be5 Ra3+ 55. Kd4 h4 56. gxh4 Rxh3 57. Kc5 Be4 58. Kd6 Kf7 59. Rh2 Rd3+ 60. Kc5 Rd1 61. h5 Rh1 62. Rxh1 Bxh1 63. h6 Kg6 64. Bf4 e5 65. Bxe5 Kxh6 66. Bf4+ 1/2-1/2

[Event "Hungarian Rapid-ch 2022"]
[Site "Ajka"]
[Date "2022.07.17"]
[Round "10.16"]
[White "Krstulovic, Alex"]
[Black "Gyenes, Mate"]
[Result "1-0"]
[ECO "A48"]
[WhiteElo "2413"]
[BlackElo "2048"]
[Annotator "ChessBase"]
[PlyCount "133"]
[EventDate "2022.07.15"]
[EventType "swiss"]
[EventCountry "HUN"]
[SourceTitle "playchess.com"]
[Source "ChessBase"]
[SourceQuality "1"]
[TimeControl "900+10"]

1. d4 Nf6 2. Nf3 g6 3. c4 Bg7 4. Nc3 d5 5. h4 c6 6. cxd5 cxd5 7. Bf4 Nc6 8. e3 Bg4 9. Qb3 Qd7 10. Ne5 Qc8 11. Nxg4 Nxg4 12. Nxd5 O-O 13. Rc1 Qd7 14. Be2 e5 15. dxe5 Ngxe5 16. O-O h5 17. Rfd1 Qe6 18. Rd2 Rfd8 19. Rcd1 Rd7 20. Bb5 Rad8 21. Bg5 Rc8 22. Nf6+ Bxf6 23. Qxe6 fxe6 24. Bxf6 Rxd2 25. Rxd2 Kf7 26. Bg5 Rc7 27. Bf4 Kf6 28. f3 a6 29. Be2 Nb4 30. a3 Nd5 31. Bg5+ Kf7 32. e4 Nb6 33. Bf4 Kf6 34. Kf2 Nbd7 35. Bg5+ Kf7 36. f4 Nc5 37. fxe5 Nxe4+ 38. Ke3 Nxd2 39. Kxd2 Rc5 40. Bf4 Rd5+ 41. Ke3 Rd7 42. Bf3 Rc7 43. Be4 b6 44. Bd3 b5 45. Ke4 Ke7 46. Bg5+ Kf7 47. Bd2 Ke7 48. Bb4+ Kf7 49. Kf4 Rd7 50. Bd6 Kg7 51. Kg5 Rf7 52. Bxg6 Rf2 53. Bxh5 Rxg2+ 54. Bg4 Kf7 55. b4 Rg3 56. h5 Rxa3 57. h6 Ra1 58. Bh5+ Kg8 59. Bc5 Rf1 60. Bg6 Rf3 61. Be7 Rg3+ 62. Kf6 Rh3 63. h7+ Kh8 64. Kxe6 Rf3 65. Bf6+ Rxf6+ 66. Kxf6 a5 67. e6 1-0

[Event "Hungarian Rapid-ch 2022"]
[Site "Ajka"]
[Date "2022.07.17"]
[Round "10.17"]
[White "Deak, Sandor"]
[Black "Papp, Levente"]
[Result "0-1"]
[ECO "E10"]
[WhiteElo "2264"]
[BlackElo "2394"]
[Annotator "ChessBase"]
[PlyCount "28"]
[EventDate "2022.07.15"]
[EventType "swiss"]
[EventCountry "HUN"]
[SourceTitle "playchess.com"]
[Source "ChessBase"]
[SourceQuality "1"]
[TimeControl "900+10"]

1. d4 Nf6 2. c4 e6 3. Nf3 c5 4. d5 b5 5. dxe6 fxe6 6. cxb5 d5 7. e3 Bd6 8. Nc3 O-O 9. Be2 Bb7 10. Qc2 Nbd7 11. O-O Qe7 12. Rd1 Rac8 13. b3 Ne5 14. Bb2 d4 0-1

[Event "Hungarian Rapid-ch 2022"]
[Site "Ajka"]
[Date "2022.07.17"]
[Round "10.18"]
[White "Hoang, Thanh Trang"]
[Black "Kolimar, Kristof Pal"]
[Result "1-0"]
[ECO "D04"]
[WhiteElo "2376"]
[BlackElo "2160"]
[Annotator "ChessBase"]
[PlyCount "71"]
[EventDate "2022.07.15"]
[EventType "swiss"]
[EventCountry "HUN"]
[SourceTitle "playchess.com"]
[Source "ChessBase"]
[SourceQuality "1"]
[TimeControl "900+10"]

1. d4 d5 2. Nf3 Nf6 3. e3 c5 4. Nbd2 e6 5. Bd3 Nc6 6. c3 Bd6 7. dxc5 Bxc5 8. b4 Bd6 9. O-O a5 10. b5 Ne5 11. Nxe5 Bxe5 12. Bb2 O-O 13. Nf3 Bc7 14. c4 dxc4 15. Bxc4 Qe7 16. Qa4 e5 17. Rfd1 Ne8 18. Bd5 Bd7 19. Bxb7 Rb8 20. Ba3 Bd6 21. Bxd6 Nxd6 22. Bc6 e4 23. Nd4 Bg4 24. Rdc1 Qg5 25. Kh1 Qh4 26. Rc2 f5 27. f3 exf3 28. Nxf3 Qh5 29. Qf4 Ne4 30. a4 Rbd8 31. Nd4 Rf6 32. Qc7 Rdf8 33. Bd5+ Kh8 34. Rf1 Rh6 35. Bxe4 Qxh2+ 36. Qxh2 1-0

[Event "Hungarian Rapid-ch 2022"]
[Site "Ajka"]
[Date "2022.07.17"]
[Round "10.19"]
[White "Miszler, Levente"]
[Black "Straubinger, Daniel"]
[Result "1/2-1/2"]
[ECO "D43"]
[WhiteElo "2243"]
[BlackElo "2349"]
[Annotator "ChessBase"]
[PlyCount "48"]
[EventDate "2022.07.15"]
[EventType "swiss"]
[EventCountry "HUN"]
[SourceTitle "playchess.com"]
[Source "ChessBase"]
[SourceQuality "1"]
[TimeControl "900+10"]

1. d4 d5 2. c4 c6 3. Nf3 Nf6 4. Nc3 e6 5. g3 dxc4 6. Bg2 b5 7. O-O Bb7 8. Ne5 a6 9. a4 Qc8 10. e4 Nbd7 11. Bf4 Nxe5 12. Bxe5 Nd7 13. Bf4 Be7 14. d5 e5 15. Be3 O-O 16. Bh3 Rd8 17. f4 Qc7 18. Qf3 cxd5 19. Nxd5 Bxd5 20. exd5 e4 21. Qxe4 Nf6 22. Qf3 Nxd5 23. Bf2 Bc5 24. axb5 Nb4 1/2-1/2

[Event "Hungarian Rapid-ch 2022"]
[Site "Ajka"]
[Date "2022.07.17"]
[Round "10.20"]
[White "Lakos, Nikoletta"]
[Black "Tancsa, Tamas"]
[Result "1/2-1/2"]
[ECO "C44"]
[WhiteElo "2203"]
[BlackElo "2103"]
[Annotator "ChessBase"]
[PlyCount "69"]
[EventDate "2022.07.15"]
[EventType "swiss"]
[EventCountry "HUN"]
[SourceTitle "playchess.com"]
[Source "ChessBase"]
[SourceQuality "1"]
[TimeControl "900+10"]

1. e4 e5 2. Nf3 Nc6 3. Be2 Nf6 4. d3 d5 5. Nbd2 Bd6 6. c3 O-O 7. O-O Ne7 8. Re1 Ng6 9. Bf1 c6 10. Qc2 Re8 11. b3 h6 12. a3 Bf8 13. b4 Nh7 14. Bb2 f5 15. g3 Qf6 16. Bg2 Kh8 17. c4 d4 18. exf5 Bxf5 19. Ne4 Bxe4 20. Rxe4 Qf7 21. Rae1 Bd6 22. R4e2 Rac8 23. Nd2 Nf6 24. Ne4 Nxe4 25. Bxe4 Nf8 26. Bc1 Nh7 27. Bxh7 Kxh7 28. Re4 Rf8 29. Qe2 Qf3 30. Rd1 c5 31. b5 Qxe2 32. Rxe2 Rf3 33. Kg2 Rcf8 34. a4 b6 35. h3 1/2-1/2

[Event "Hungarian Rapid-ch 2022"]
[Site "Ajka"]
[Date "2022.07.17"]
[Round "10.21"]
[White "Nemeth, Zalan"]
[Black "Kiss, Pal"]
[Result "1/2-1/2"]
[ECO "A11"]
[WhiteElo "2194"]
[BlackElo "2243"]
[Annotator "ChessBase"]
[PlyCount "70"]
[EventDate "2022.07.15"]
[EventType "swiss"]
[EventCountry "HUN"]
[SourceTitle "playchess.com"]
[Source "ChessBase"]
[SourceQuality "1"]
[TimeControl "900+10"]

1. c4 c6 2. g3 d5 3. Nf3 Nf6 4. Bg2 Bg4 5. Ne5 Bh5 6. cxd5 Nxd5 7. O-O e6 8. Nc3 Nd7 9. Nc4 b5 10. Nxd5 cxd5 11. Ne3 Bc5 12. d4 Bd6 13. Qd3 a6 14. Bd2 Bg6 15. Qc3 Rc8 16. Qa5 Qxa5 17. Bxa5 Nb8 18. Rfd1 Nc6 19. Be1 Kd7 20. a3 Ne7 21. Bh3 Nf5 22. Bxf5 Bxf5 23. Nxf5 exf5 24. Rac1 Rc4 25. Rxc4 bxc4 26. Bc3 Rb8 27. Kf1 Rb3 28. Ra1 Kc6 29. Ke1 Kb5 30. Kd2 Kc6 31. f3 Rb7 32. Re1 Re7 33. e3 Re6 34. Re2 Rh6 35. Rg2 Rh3 1/2-1/2

[Event "Hungarian Rapid-ch 2022"]
[Site "Ajka"]
[Date "2022.07.17"]
[Round "10.22"]
[White "Kovacs, Klara"]
[Black "Gaal, Zsoka"]
[Result "1-0"]
[ECO "A46"]
[WhiteElo "2098"]
[BlackElo "2313"]
[Annotator "ChessBase"]
[PlyCount "71"]
[EventDate "2022.07.15"]
[EventType "swiss"]
[EventCountry "HUN"]
[SourceTitle "playchess.com"]
[Source "ChessBase"]
[SourceQuality "1"]
[TimeControl "900+10"]

1. d4 Nf6 2. Nf3 d5 3. g3 g6 4. Bg2 c6 5. O-O Bg7 6. c4 dxc4 7. Na3 b5 8. Ne5 Nd5 9. Bf4 O-O 10. Qd2 Bb7 11. Rac1 Nd7 12. Bxd5 cxd5 13. Nxb5 a6 14. Nc3 Nxe5 15. dxe5 d4 16. Na4 Qd5 17. f3 Qb5 18. b3 cxb3 19. axb3 Qxb3 20. Nc5 Qd5 21. Nxb7 Qxb7 22. Qxd4 Rfd8 23. Qe3 Rac8 24. Kg2 a5 25. Ra1 Qa6 26. Qe4 Ra8 27. Ra4 e6 28. h4 Rd5 29. h5 g5 30. h6 gxf4 31. hxg7 Rd2 32. Rf2 fxg3 33. Kxg3 Rad8 34. Rh2 Kxg7 35. Rxh7+ Kg8 36. Qh4 1-0

[Event "Hungarian Rapid-ch 2022"]
[Site "Ajka"]
[Date "2022.07.17"]
[Round "10.23"]
[White "Nemeth, Zoltan"]
[Black "Horvath, Kristof"]
[Result "1/2-1/2"]
[ECO "D30"]
[WhiteElo "2242"]
[BlackElo "2053"]
[Annotator "ChessBase"]
[PlyCount "94"]
[EventDate "2022.07.15"]
[EventType "swiss"]
[EventCountry "HUN"]
[SourceTitle "playchess.com"]
[Source "ChessBase"]
[SourceQuality "1"]
[TimeControl "900+10"]

1. d4 d5 2. c4 e6 3. Nf3 c5 4. e3 Nf6 5. a3 Be7 6. dxc5 Bxc5 7. b4 Be7 8. Bb2 O-O 9. Nbd2 b6 10. Be2 Bb7 11. O-O Nbd7 12. Qb3 dxc4 13. Bxc4 Nd5 14. Rfd1 Bf6 15. Rac1 Rc8 16. Nd4 Ne5 17. Bf1 Ne7 18. Rxc8 Qxc8 19. a4 Qb8 20. h3 Rc8 21. b5 Bd5 22. Qb4 N7g6 23. Rc1 Be7 24. Rxc8+ Qxc8 25. Qc3 Qxc3 26. Bxc3 Bf6 27. Bb4 Be7 28. Bc3 Bf6 29. g3 Nd7 30. Bd3 Nc5 31. Bc2 Ne5 32. f4 Nc4 33. Nxc4 Bxc4 34. e4 Bxd4+ 35. Bxd4 Bb3 36. Bxb3 Nxb3 37. Be3 Kf8 38. Kf1 Ke7 39. Ke2 Kd6 40. Kd3 Nc5+ 41. Kd4 Nxa4 42. e5+ Kd7 43. Kc4 Nb2+ 44. Kb3 Nd3 45. Kc4 Nb2+ 46. Kb3 Nd3 47. Kc4 Nb2+ 1/2-1/2

[Event "Hungarian Rapid-ch 2022"]
[Site "Ajka"]
[Date "2022.07.17"]
[Round "10.24"]
[White "Papp, Bence"]
[Black "Margl, Roland"]
[Result "0-1"]
[ECO "D35"]
[WhiteElo "2244"]
[BlackElo "2312"]
[Annotator "ChessBase"]
[PlyCount "134"]
[EventDate "2022.07.15"]
[EventType "swiss"]
[EventCountry "HUN"]
[SourceTitle "playchess.com"]
[Source "ChessBase"]
[SourceQuality "1"]
[TimeControl "900+10"]

1. d4 d5 2. c4 e6 3. Nc3 Nf6 4. cxd5 exd5 5. Bg5 c6 6. e3 h6 7. Bh4 Be7 8. Bd3 O-O 9. Qc2 Nh5 10. Bxe7 Qxe7 11. Nge2 Re8 12. O-O-O b5 13. Rhg1 Nf6 14. Ng3 a5 15. Rge1 Na6 16. Bf5 Bxf5 17. Nxf5 Qd7 18. g4 c5 19. dxc5 Nxc5 20. Kb1 Rac8 21. Qd2 Rcd8 22. Qd4 Nce4 23. f3 Nxc3+ 24. Qxc3 Re6 25. Qxa5 Rb8 26. Qb4 Ra6 27. h4 Rba8 28. a3 Ra4 29. Qe7 b4 30. Qxd7 Nxd7 31. axb4 Nb6 32. Ne7+ Kf8 33. Nxd5 Nxd5 34. Kc2 Nxb4+ 35. Kb3 Nc6 36. Rd6 R4a6 37. Red1 Ne5 38. Rxa6 Rxa6 39. Rd8+ Ke7 40. Rg8 g6 41. Rh8 Nxf3 42. Rxh6 Re6 43. h5 Rxe3+ 44. Kc2 Kf6 45. hxg6 fxg6 46. Rh8 Nd4+ 47. Kd2 Rb3 48. Rd8 Ke5 49. Kc1 Rg3 50. b4 Rxg4 51. Rb8 Nc6 52. Re8+ Kf6 53. b5 Rc4+ 54. Kd2 Ne5 55. Rb8 Kg7 56. Ke3 Rb4 57. Kd2 Rc4 58. Ke3 g5 59. Re8 Nf7 60. Kd3 Rb4 61. Rb8 Nd6 62. b6 Kf6 63. Kc3 Rb5 64. Kd4 Kf5 65. Rf8+ Kg4 66. Rb8 Kg3 67. Ke3 Rxb6 0-1

[Event "Hungarian Rapid-ch 2022"]
[Site "Ajka"]
[Date "2022.07.17"]
[Round "10.25"]
[White "Kelemen, David"]
[Black "Balint, Vilmos"]
[Result "0-1"]
[ECO "B28"]
[WhiteElo "2136"]
[BlackElo "2283"]
[Annotator "ChessBase"]
[PlyCount "66"]
[EventDate "2022.07.15"]
[EventType "swiss"]
[EventCountry "HUN"]
[SourceTitle "playchess.com"]
[Source "ChessBase"]
[SourceQuality "1"]
[TimeControl "900+10"]

1. e4 c5 2. Nf3 a6 3. c4 Nc6 4. Be2 e5 5. Nc3 d6 6. d3 g6 7. Nd5 b5 8. cxb5 axb5 9. O-O Rb8 10. Be3 Bg7 11. b4 Nd4 12. Bxd4 cxd4 13. a4 Ne7 14. Nd2 Nxd5 15. exd5 O-O 16. a5 f5 17. Rc1 Bb7 18. Bf3 Bh6 19. Rc2 Rc8 20. Qb1 Rxc2 21. Qxc2 Qc8 22. Rc1 Qc3 23. Nb1 Qxb4 24. Rd1 Rc8 25. Qa2 Ra8 26. Qc2 Qxa5 27. Nd2 Qc3 28. Qb1 Bxd2 29. Qxb5 Qb4 30. Qd7 Bg5 31. Qe6+ Kg7 32. g3 Rf8 33. h4 Bc8 0-1

[Event "Hungarian Rapid-ch 2022"]
[Site "Ajka"]
[Date "2022.07.17"]
[Round "10.27"]
[White "Boguszlavszkij, Jevgenyij"]
[Black "Szalanczi, Emil"]
[Result "1/2-1/2"]
[ECO "B50"]
[WhiteElo "1914"]
[BlackElo "2042"]
[Annotator "TA"]
[PlyCount "179"]
[EventDate "2022.07.15"]
[EventType "swiss"]
[EventCountry "HUN"]
[SourceTitle "playchess.com"]
[Source "ChessBase"]
[SourceQuality "1"]
[TimeControl "900+10"]

1. e4 c5 2. Nf3 d6 3. g3 Nc6 4. Bg2 g6 5. d4 cxd4 6. Nxd4 Bg7 7. Ne2 Nf6 8. O-O O-O 9. Nbc3 Bg4 10. h3 Bd7 {[%emt 0:00:02] The main line 10...Bd7 scores better than 10...Bxe2. B70: Sicilian Dragon: 6 g3 and 6 Be2 (without a later Be3).} 11. Nd5 Nxd5 12. exd5 Ne5 {[%emt 0:00:12] White is slightly better.} 13. a4 Rc8 (13... Qc8 $14 {feels stronger.}) 14. Ra2 $1 $16 Be8 15. b3 {[%emt 0:00:24] [#]} a6 $146 ({Predecessor:} 15... Qc7 16. Be3 Nd7 17. a5 Nc5 18. Bd4 Bxd4 19. Nxd4 Na6 20. c4 Nb4 21. Ra1 Qc5 {½-½ (57) Vesselovsky,S (2360)-Matuszewski,M (2384) Ostrava 2011}) 16. a5 Nd7 17. c4 Nf6 (17... Nc5 $142) 18. Re1 Bd7 19. Be3 Qc7 20. Bb6 $1 Qb8 21. Nd4 Rfe8 22. Rae2 {[%emt 0:00:06] Inhibits e6.} Kf8 23. Qd2 Ng8 (23... Kg8 {keeps fighting.} 24. g4 (24. Rxe7 Rxe7 25. Rxe7 Re8 $16) 24... h6) 24. g4 $18 Nf6 25. Qf4 h6 26. Bf3 {[%emt 0:00:20] Hoping for h4.} Rc7 $2 (26... Kg8 27. Rxe7 Rxe7 28. Rxe7 Re8 29. Rxe8+ Bxe8) 27. Bxc7 Qxc7 28. Qd2 Bc8 (28... Nh7 {might work better.} 29. Bg2 Qc5) 29. Rc1 Nd7 30. b4 {[%emt 0:00:10] Inhibits Qc5.} Ne5 31. Bg2 g5 32. Kh1 Ng6 33. Re3 b6 (33... Nf4 $142 34. Ne2 Be5) 34. axb6 Qxb6 35. c5 dxc5 (35... Qc7 36. Ne2 Be5) 36. bxc5 Qf6 37. Nc6 Bd7 38. Na5 Nf4 $2 (38... Bb5 39. d6 Qf4) 39. c6 Bc8 40. Rce1 Qd6 (40... Qd4 $142 41. Rd1 Nxg2) 41. Nc4 Qc5 {[%emt 0:00:07] [#]} 42. d6 $1 Nxg2 (42... Ne6 43. Rc1) 43. dxe7+ $2 (43. Kxg2 Qxc6+ 44. f3 (44. Re4 Be6 $16) 44... Qxc4 $16) (43. Rxe7 Bf6 44. Rxe8+ Kg7 45. d7 Bxd7 46. Qxd7) 43... Kg8 44. Kxg2 {[%emt 0:00:49] Dancing on a razor blade.} Qxc6+ {[%emt 0:00:10] [#]} 45. Re4 (45. f3 $1 $18 {is more deadly. Threatens to win with Nd6.} Qxc4 46. Rd3) 45... Be6 $16 46. Qd6 Qxd6 {[%emt 0:00:11][%mdl 64] Remove Defender} 47. Nxd6 Rxe7 {[%emt 0:00:01] Strongly threatening ...Bd5.} 48. f3 {[%emt 0:00:09] White is more active.} (48. Nf5 $16 Ra7 49. Nxg7 Kxg7 50. Ra4) 48... Rc7 {[%emt 0:00:15] [#]} (48... Rd7 $14 49. Nf5 Bxf5 50. Re8+ (50. gxf5 Rd5 $14) 50... Kh7 51. gxf5 Rd5) 49. Nf5 ({Better is} 49. Ne8 $1 $16 Rc2+ 50. R4e2) 49... Bxf5 $14 50. gxf5 {[%emt 0:00:01][%mdl 4096] Endgame KRR-KRB} Bf6 51. Ra4 Rc6 52. Re8+ Kg7 53. Ra8 Rc2+ 54. Kf1 Rc1+ 55. Ke2 Rh1 56. R4xa6 (56. Ra7 $16) 56... Rxh3 $11 57. Rc8 {[%emt 0:00:05] With the idea Rcc6.} Rh4 58. Raa8 Be5 59. Re8 Bf4 60. Ra7 {[%emt 0:00:22] Ree7 is the strong threat.} Kf6 61. Rf8 Kxf5 62. Rfxf7+ Kg6 {[%emt 0:00:23] The position is equal.} 63. Rg7+ Kh5 64. Ra6 Rh2+ 65. Kd3 Rf2 66. Ke4 Re2+ 67. Kd5 Re5+ 68. Kd4 Re8 {[%emt 0:00:09] And now ...Be5+ would win.} 69. Rh7 Kh4 70. Raxh6+ Kg3 71. Rh3+ Kg2 72. Rh1 Kxf3 73. Rf1+ Kg4 74. Rhh1 Rd8+ 75. Ke4 Re8+ 76. Kd4 Kf5 77. Rh7 Rd8+ 78. Kc4 Rd6 79. Rf7+ Kg4 80. Rg1+ Kh5 81. Rf5 Rd7 ({Don't take} 81... Bh2 82. Rg2 (82. Rfxg5+ Kh4 $14) 82... Kg6 83. Rc5 $14 (83. Rfxg5+ Kf6 $14)) 82. Rd5 Re7 83. Rf1 {[%emt 0:00:11] Black must now prevent Rxf4.} Kg4 84. Rg1+ Kh5 85. Rh1+ Kg4 86. Rg1+ Kh5 87. Rh1+ Kg4 88. Rg1+ Kh5 89. Rh1+ Kg4 90. Rg1+ {Blacks defense is rewarded with a draw.  Weighted Error Value: White=0.40/Black=0.34} 1/2-1/2

[Event "Hungarian Rapid-ch 2022"]
[Site "Ajka"]
[Date "2022.07.17"]
[Round "10.28"]
[White "Emodi, Barnabas"]
[Black "Molnar, Aurel Jr."]
[Result "0-1"]
[ECO "A48"]
[WhiteElo "2341"]
[BlackElo "2014"]
[Annotator "ChessBase"]
[PlyCount "88"]
[EventDate "2022.07.15"]
[EventType "swiss"]
[EventCountry "HUN"]
[SourceTitle "playchess.com"]
[Source "ChessBase"]
[SourceQuality "1"]
[TimeControl "900+10"]

1. d4 Nf6 2. Nf3 g6 3. Bg5 Ne4 4. Bh4 Bg7 5. e3 d5 6. Bd3 c5 7. c3 O-O 8. O-O Nc6 9. Nbd2 Bf5 10. Qe2 Nxd2 11. Nxd2 Bxd3 12. Qxd3 Qb6 13. Rab1 Rfe8 14. f4 Bf6 15. Bf2 Rad8 16. Nf3 e6 17. Ne5 Bg7 18. b4 cxb4 19. cxb4 f6 20. Nxc6 Qxc6 21. Rfc1 Qd7 22. Rc2 Rc8 23. Rbc1 Bf8 24. Be1 Bd6 25. h4 a6 26. h5 Kf7 27. g3 b5 28. a4 Rc4 29. axb5 axb5 30. e4 Rec8 31. e5 Be7 32. Rxc4 dxc4 33. Qe4 f5 34. Qe3 Ra8 35. Bc3 Qd5 36. hxg6+ hxg6 37. Kf2 Ra2+ 38. Bd2 Bxb4 39. Rd1 c3 40. g4 Rxd2+ 41. Rxd2 cxd2 42. Qh3 Qxd4+ 43. Kg2 Qe4+ 44. Kh2 Qxf4+ 0-1

[Event "Hungarian Rapid-ch 2022"]
[Site "Ajka"]
[Date "2022.07.17"]
[Round "10.29"]
[White "Majoros, Rozsa Evelin"]
[Black "Martini, Balazs"]
[Result "0-1"]
[ECO "B32"]
[WhiteElo "2059"]
[BlackElo "2348"]
[Annotator "ChessBase"]
[PlyCount "66"]
[EventDate "2022.07.15"]
[EventType "swiss"]
[EventCountry "HUN"]
[SourceTitle "playchess.com"]
[Source "ChessBase"]
[SourceQuality "1"]
[TimeControl "900+10"]

1. e4 c5 2. Nf3 Nc6 3. d4 cxd4 4. Nxd4 e5 5. Nb5 d6 6. N1c3 a6 7. Na3 Be7 8. Nd5 Nf6 9. Be3 Nxd5 10. Qxd5 Be6 11. Qd2 b5 12. c4 d5 13. Qc2 Bb4+ 14. Bd2 Nd4 15. Qc1 Bxd2+ 16. Qxd2 dxc4 17. Be2 O-O 18. Rd1 Qe7 19. O-O c3 20. Qe3 Rac8 21. Bd3 cxb2 22. Nb1 Bxa2 23. f4 Qc5 24. Kh1 Ne6 25. Qd2 Nxf4 26. Qxb2 Bxb1 27. Bxb1 Rfd8 28. Rc1 Qe7 29. Rxc8 Rxc8 30. Rd1 Rd8 31. Rc1 Qg5 32. g3 Ne6 33. Qf2 Qxc1+ 0-1

[Event "Hungarian Rapid-ch 2022"]
[Site "Ajka"]
[Date "2022.07.17"]
[Round "10.30"]
[White "Dobos, Jozsef"]
[Black "Mihok-Juhasz, Barbara"]
[Result "0-1"]
[ECO "A00"]
[WhiteElo "2244"]
[BlackElo "2221"]
[Annotator "ChessBase"]
[PlyCount "66"]
[EventDate "2022.07.15"]
[EventType "swiss"]
[EventCountry "HUN"]
[SourceTitle "playchess.com"]
[Source "ChessBase"]
[SourceQuality "1"]
[TimeControl "900+10"]

1. a3 c5 2. g3 g6 3. Bg2 Bg7 4. c4 Nc6 5. Nc3 Nf6 6. e3 e5 7. Nge2 O-O 8. O-O d6 9. d3 Bg4 10. h3 Be6 11. Nd5 Qd7 12. Kh2 Ne8 13. Rb1 f5 14. b4 Rb8 15. bxc5 dxc5 16. Bb2 Nd6 17. f4 Rbd8 18. Qc2 b6 19. Qa4 e4 20. Bxg7 Kxg7 21. dxe4 fxe4 22. Rbd1 Na5 23. Qc2 Qf7 24. Nec3 Naxc4 25. Nxe4 Nxe4 26. Qxe4 Bxd5 27. Rxd5 Rxd5 28. Qxc4 Rd7 29. Qc2 Rfd8 30. Rf2 Qf6 31. e4 Qd4 32. e5 Qd3 33. Qb2 Rd4 0-1

[Event "Hungarian Rapid-ch 2022"]
[Site "Ajka"]
[Date "2022.07.17"]
[Round "11.1"]
[White "Gledura, Benjamin"]
[Black "Csonka, Balazs"]
[Result "1-0"]
[ECO "D37"]
[WhiteElo "2637"]
[BlackElo "2495"]
[Annotator "ChessBase"]
[PlyCount "63"]
[EventDate "2022.07.15"]
[EventType "swiss"]
[EventCountry "HUN"]
[SourceTitle "playchess.com"]
[Source "ChessBase"]
[SourceQuality "1"]
[TimeControl "900+10"]

1. d4 Nf6 2. Nf3 d5 3. c4 e6 4. Nc3 dxc4 5. e4 Bb4 6. Bxc4 Nxe4 7. O-O Nf6 8. Qa4+ Nc6 9. Ne5 Rb8 10. a3 Bd6 11. Nxc6 bxc6 12. Qxa7 Bd7 13. Qa4 c5 14. Qd1 cxd4 15. Qxd4 O-O 16. Rd1 h6 17. b4 Qe7 18. Bb2 Bc6 19. h3 Rfd8 20. Qe3 Rd7 21. Bf1 Rbd8 22. Rac1 Bb7 23. Bb5 c6 24. Ba4 Ra8 25. Bb3 c5 26. Na4 cxb4 27. Nb6 Bc5 28. Qxc5 Rxd1+ 29. Bxd1 Qxc5 30. Rxc5 bxa3 31. Nxa8 axb2 32. Bc2 1-0

[Event "Hungarian Rapid-ch 2022"]
[Site "Ajka"]
[Date "2022.07.17"]
[Round "11.3"]
[White "Prohaszka, Peter"]
[Black "Aczel, Gergely"]
[Result "1/2-1/2"]
[ECO "E01"]
[WhiteElo "2570"]
[BlackElo "2499"]
[Annotator "ChessBase"]
[PlyCount "24"]
[EventDate "2022.07.15"]
[EventType "swiss"]
[EventCountry "HUN"]
[SourceTitle "playchess.com"]
[Source "ChessBase"]
[SourceQuality "1"]
[TimeControl "900+10"]

1. d4 Nf6 2. c4 e6 3. g3 d5 4. Bg2 Bb4+ 5. Nd2 O-O 6. Ngf3 b6 7. O-O Bb7 8. b3 c5 9. Bb2 Qe7 10. cxd5 Bxd5 11. a3 Bxd2 12. Qxd2 Nc6 1/2-1/2

[Event "Hungarian Rapid-ch 2022"]
[Site "Ajka"]
[Date "2022.07.17"]
[Round "11.4"]
[White "Kozak, Adam"]
[Black "Kaczur, Florian"]
[Result "1-0"]
[ECO "A05"]
[WhiteElo "2522"]
[BlackElo "2482"]
[Annotator "ChessBase"]
[PlyCount "77"]
[EventDate "2022.07.15"]
[EventType "swiss"]
[EventCountry "HUN"]
[SourceTitle "playchess.com"]
[Source "ChessBase"]
[SourceQuality "1"]
[TimeControl "900+10"]

1. Nf3 Nf6 2. b3 g6 3. Bb2 Bg7 4. g3 b6 5. Bg2 Bb7 6. O-O c5 7. c4 O-O 8. Nc3 d6 9. Rc1 Nc6 10. e3 e6 11. d4 Qe7 12. Re1 Rac8 13. d5 exd5 14. cxd5 Na5 15. e4 Nd7 16. Qc2 Ne5 17. Nxe5 Bxe5 18. f4 Bd4+ 19. Kh1 Qd7 20. Ne2 Bxb2 21. Qxb2 b5 22. Qd2 b4 23. Ng1 Rfe8 24. Nf3 Rcd8 25. f5 f6 26. h4 Qg7 27. Kh2 Bc8 28. g4 gxf5 29. gxf5 Kh8 30. Bh3 Nb7 31. Rg1 Qf7 32. Qb2 Rf8 33. Ng5 Qh5 34. Rg4 Rde8 35. Ne6 Nd8 36. Nxf8 Rxf8 37. Rcg1 Qe8 38. Rg8+ Rxg8 39. Qxf6+ 1-0

[Event "Hungarian Rapid-ch 2022"]
[Site "Ajka"]
[Date "2022.07.17"]
[Round "11.5"]
[White "Hera, Imre Jr."]
[Black "Lizak, Peter"]
[Result "0-1"]
[ECO "A05"]
[WhiteElo "2568"]
[BlackElo "2400"]
[Annotator "ChessBase"]
[PlyCount "86"]
[EventDate "2022.07.15"]
[EventType "swiss"]
[EventCountry "HUN"]
[SourceTitle "playchess.com"]
[Source "ChessBase"]
[SourceQuality "1"]
[TimeControl "900+10"]

1. Nf3 Nf6 2. g3 c5 3. Bg2 Nc6 4. O-O e6 5. c4 Qb6 6. b3 Be7 7. Bb2 d5 8. d3 O-O 9. Nbd2 a5 10. Rb1 h6 11. a3 Rd8 12. Qc2 d4 13. e4 dxe3 14. fxe3 Ng4 15. Rbe1 Bf6 16. Bc1 Nce5 17. Nxe5 Bxe5 18. Ne4 f5 19. Nc3 Bd7 20. Na4 Qc7 21. Nxc5 Bxg3 22. d4 Bxe1 23. Rxe1 Qxh2+ 24. Kf1 Qg3 25. Bxb7 Nh2+ 26. Ke2 Be8 27. Bxa8 Bh5+ 28. Kd3 Qxe1 29. Qxh2 Qf1+ 30. Kc2 Qd1+ 31. Kb2 Rxa8 32. Nxe6 a4 33. Qc2 axb3 34. Qxd1 Bxd1 35. d5 Kf7 36. c5 Bf3 37. Nd4 Bxd5 38. Nxf5 h5 39. e4 Be6 40. Nd6+ Ke7 41. e5 Kd7 42. Bg5 Ra4 43. Nb5 Rg4 0-1